 Dungeon Crawl Stone Soup version 0.27-a0-1319-geec4fb4e21 (webtiles) character file.

Game seed: 6151758599095121496

4162 Alarak the Carver (level 10, -10/93 HPs)
             Began as a Minotaur Berserker on June 20, 2021.
             Was a High Priest of Trog.
             Mangled by a hornet (11 damage)
             ... while paralysed by a hornet
             ... on level 9 of the Dungeon on June 22, 2021.
             The game lasted 00:27:29 (11244 turns).

Alarak the Carver (Minotaur Berserker)             Turns: 11244, Time: 00:27:29

Health: -10/93     AC: 15    Str: 32    XL:     10   Next: 7%
Magic:  9/9        EV:  2    Int:  4    God:    Trog [*****.]
Gold:   680        SH:  0    Dex:  9    Spells: 9/9 levels left

rFire    + . .     SeeInvis +   o - +4 scimitar
rCold    . . .     Faith    .   t - +0 kite shield
rNeg     . . .     Spirit   .   p - +0 chain mail
rPois    .         Reflect  .   s - +2 hat
rElec    .         Harm     .   (no cloak)
rCorr    .         Rampage  .   r - +0 pair of gloves
Will     .....                  (no boots)
Stlth    ..........             (no amulet)
HPRegen  0.25/turn              b - ring of see invisible
MPRegen  0.11/turn              f - ring of Wighaiv {Fly rF+ Str+6}

@: paralysed, lethally poisoned (-10 -> -19), on berserk cooldown, attractive,
flying, slowed
A: horns 2, retaliatory headbutt
a: Renounce Religion, Berserk, Trog's Hand, Brothers in Arms


You were on level 9 of the Dungeon.
You worshipped Trog.
Trog was extremely pleased with you.
You visited 1 branch of the dungeon, and saw 9 of its levels.
You also visited: Sewer and Ossuary.

You collected 680 gold pieces.

Inventory:

Hand Weapons
 j - the +7 fustibalus of the Five Hells {freeze, rElec Int+5 Stlth-}
   (You found it on level 3 of the Dungeon)

   It causes projectiles fired from it to freeze those they strike, causing
   extra injury to most foes and up to half again as much damage against
   particularly susceptible opponents.
   They can also slow down cold-blooded creatures.
   It affects your intelligence (+5).
   It insulates you from electricity.
   It makes you less stealthy.
 o - a +4 scimitar (weapon)
 D - the +2 mace of Kizohaze {antimagic, rC++ rN+}
   (You found it on level 8 of the Dungeon)

   It reduces the magical energy of the wielder, and disrupts the spells and
   magical abilities of those hit.
   Natural abilities and divine invocations are not affected.
   It greatly protects you from cold.
   It protects you from negative energy.
Missiles
 m - 202 stones
Armour
 p - a +0 chain mail (worn)
 r - a +0 pair of gloves (worn)
 s - a +2 hat (worn)
 t - a +0 kite shield (worn)
Jewellery
 b - a ring of see invisible (left hand)
 f - the ring of Wighaiv (right hand) {Fly rF+ Str+6}
   (You acquired it on level 6 of the Dungeon)

   [ring of strength]

   It affects your strength (+6).
   It protects you from fire.
   It grants you flight.
 g - a ring of poison resistance
 i - a ring of resist corrosion
Wands
 u - a wand of flame (28)
Scrolls
 d - 5 scrolls of identify
 v - a scroll of teleportation
 x - a scroll of blinking
 y - 3 scrolls of enchant armour {unknown}
 A - 2 scrolls of magic mapping {unknown}
 C - a scroll of acquirement
Potions
 a - 2 potions of haste
 c - a potion of attraction
 e - a potion of cancellation {unknown}
 h - 2 potions of berserk rage
 k - a potion of resistance {unknown}
 l - a potion of brilliance {unknown}
 n - 3 potions of heal wounds {unknown}
 q - a potion of mutation {unknown}
 w - a potion of might {unknown}
 z - a potion of degeneration {unknown}
 B - a potion of ambrosia {unknown}
 E - 2 potions of curing {unknown}


   Skills:
 - Level 10.2 Fighting
 - Level 11.2 Long Blades
 - Level 0.1 Slings
 - Level 10.0 Armour
 - Level 2.2 Dodging
 + Level 1.0 Shields


You had 9 spell levels left.
You didn't know any spells.
Your spell library was empty.

Dungeon Overview and Level Annotations

Branches:
Dungeon (9/15)             Temple (0/1) D:5           Sewer (visited)
Ossuary (visited)
   Lair: D:8-11         Orc: D:9-12

Altars:
Dithmenos
Hepliaklqana
Makhleb
Nemelex Xobeh

Shops:
D:5 *

Annotations:
D:3 2 transporters, Sassenached's ghost, amateur SpWn
D:4 3 runed translucent doors, pOrYW's ghost, amateur GnWn


Innate Abilities, Weirdness & Mutations

You have a pair of horns on your head.
You reflexively headbutt those who attack you in melee.


Message History

You miss the hornet. You headbutt the hornet.
The hornet is lightly wounded.
You feel very sick. The hornet stings you!
You are more poisoned.
You feel as though you will be slow longer.
The hornet stings you but does no damage.
You block the hornet's attack.
You feel very sick.
The hornet stings you but does no damage.
There is a stone staircase leading down here.
You feel very sick. The hornet stings you.
You feel as though you will be slow longer.
You block the hornet's attack.
You fly downwards.
You feel sick.
Found 11 poisoned darts.
There is a stone staircase leading up here.
It was a potion of attraction.
You feel attractive to monsters.
You feel sick. The hornet closely misses you.
You riposte.
You hit the hornet. Your headbutt misses the hornet.
The hornet is lightly wounded.
You block the hornet's attack.
It was a potion of berserk rage.
You're still recovering from your berserk rage.
You feel sick. You block the hornet's attack.
The hornet stings you but does no damage.
The hornet stings you!
* * * LOW HITPOINT WARNING * * *
You suddenly lose the ability to move!
You feel sick. The hornet stings you.
* * * LOW HITPOINT WARNING * * *
You are lethally poisoned!
You feel as though you will be slow longer.
* * * LOW HITPOINT WARNING * * *
You feel sick.
The hornet stings you but does no damage.
The hornet stings you!
You die...

#########
#.......#
#...(...#
#.......#
#.......#
#.......#
#..y....##
#.@.......
#.......##
######....
###


You could see a hornet.

Vanquished Creatures
  Grinder (D:3)
  Eustachio (D:4)
  A steam dragon (D:8)
  Menkaure (D:4)
  A water moccasin (D:7)
  2 sky beasts
  2 ice beasts
  A black bear (D:4)
  A necrophage (D:6)
  4 ogres
  A centaur (D:6)
  5 kobold brigands
  Blork the orc (D:4)
  2 bullfrogs
  4 scorpions
  2 water moccasin zombies
  3 killer bees (D:7)
  5 wights (D:4)
  A howler monkey (D:3)
  2 centaur zombies
  3 orc priests
  A centaur skeleton (D:7)
  5 hounds
  6 iguanas
  Jessica (D:2)
  A gnoll shaman (D:6)
  2 orc wizards (D:7)
  8 mummies (Ossuary)
  Robin (D:3)
  5 adders
  4 gnolls (D:6)
  A river rat (Sewer)
  An ufetubus (D:5)
  9 worms
  2 dart slugs
  8 orcs
  6 bats
  12 endoplasms
  8 giant cockroaches
  14 goblins
  11 hobgoblins
  11 jackals
  3 quokkas
  13 ball pythons
  4 frilled lizards
  5 hobgoblin zombies (Ossuary)
  14 kobolds
  3 orc zombies (Ossuary)
  7 rats
210 creatures vanquished.

Vanquished Creatures (others)
  Maurice (D:8)
  A plant (D:6)
2 creatures vanquished.

Grand Total: 212 creatures vanquished

Notes
Turn   | Place    | Note
-------+----------+-------------------------------------------
     0 | D:1      | Alarak the Minotaur Berserker began the quest for the Orb.
     0 | D:1      | Reached XP level 1. HP: 19/19 MP: 0/0
   580 | D:1      | Reached skill level 4 in Long Blades
   777 | D:1      | Reached XP level 2. HP: 27/27 MP: 1/1
  1177 | D:1      | Reached skill level 5 in Long Blades
  1209 | D:1      | Reached XP level 3. HP: 30/33 MP: 2/2
  1299 | D:2      | Found a faded altar of an unknown god.
  1550 | D:2      | Reached ** piety under Trog
  1789 | D:2      | Noticed Jessica
  1794 | D:2      | Killed Jessica
  1795 | D:2      | Reached XP level 4. HP: 32/40 MP: 3/3
  1986 | D:2      | You fall into a shaft and drop 1 floor!
  1996 | D:3      | Reached skill level 6 in Long Blades
  2055 | D:3      | Found a transporter.
  2083 | D:3      | Noticed Robin
  2091 | D:3      | Killed Robin
  2130 | D:3      | Found a transporter.
  2131 | D:3      | Noticed Sassenached's ghost (amateur SpWn)
  2132 | D:3      | Noticed an ogre
  2292 | D:3      | Found a burning altar of Makhleb.
  2292 | D:3      | Noticed Grinder
  2335 | D:3      | Killed Grinder
  2336 | D:3      | Reached skill level 8 in Long Blades
  2336 | D:3      | Reached XP level 5. HP: 44/46 MP: 4/4
  2336 | D:3      | Reached XP level 6. HP: 50/52 MP: 5/5
  2860 | D:3      | Reached *** piety under Trog
  2879 | D:3      | Identified the +7 fustibalus of the Five Hells {freeze,
                  | rElec Int+5 Stlth-}
  3739 | D:3      | Found a shadowy altar of Dithmenos.
  3741 | D:3      | Found a hazy altar of Hepliaklqana.
  3744 | D:3      | Found a sparkling altar of Nemelex Xobeh.
  3971 | D:4      | Reached skill level 5 in Fighting
  4085 | D:4      | Found a runed translucent gate.
  4085 | D:4      | Found a runed translucent gate.
  4109 | D:4      | Found a runed translucent gate.
  4110 | D:4      | Noticed pOrYW's ghost (amateur GnWn)
  4190 | D:4      | Noticed Menkaure
  4197 | D:4      | Killed Menkaure
  4198 | D:4      | Reached XP level 7. HP: 19/64 MP: 6/6
  4868 | D:4      | Noticed Blork the orc
  4870 | D:4      | Killed Blork the orc
  4937 | D:4      | Reached XP level 8. HP: 61/78 MP: 7/7
  5207 | D:4      | Noticed Eustachio
  5214 | D:4      | Killed Eustachio
  5215 | D:4      | Reached skill level 10 in Fighting
  5648 | D:5      | Entered Level 5 of the Dungeon
  5758 | D:5      | Reached **** piety under Trog
  5759 | D:5      | Reached skill level 9 in Long Blades
  5766 | D:5      | Found a glowing drain.
  5793 | Sewer    | Entered a sewer
  6373 | Sewer    | Reached skill level 10 in Long Blades
  6920 | D:5      | Found a staircase to the Ecumenical Temple.
  6975 | D:5      | Reached ***** piety under Trog
  6991 | D:5      | Reached XP level 9. HP: 85/85 MP: 8/8
  7090 | D:5      | Reached skill level 11 in Long Blades
  7239 | D:5      | Found Gehistry's Gadget Gallery.
  7747 | D:6      | Identified a scroll of acquirement
  7747 | D:6      | Acquired the ring of Wighaiv {Fly rF+ Str+6}
  8156 | D:6      | Reached skill level 5 in Armour
 10693 | D:8      | Found a sand-covered staircase.
 10698 | Ossuary  | Entered an ossuary
 10928 | Ossuary  | Upgraded the game from 0.27-a0-1312-g5cdb2b3542 to
                  | 0.27-a0-1319-geec4fb4e21
 11142 | D:8      | Identified the +2 mace of Kizohaze {antimagic, rC++ rN+}
 11195 | D:8      | Noticed Maurice
 11204 | D:8      | Killed Maurice
 11205 | D:8      | Reached skill level 10 in Armour
 11205 | D:8      | Reached XP level 10. HP: 93/93 MP: 9/9
 11236 | D:8      | Reached skill level 1 in Shields
 11242 | D:9      | Paralysed by a hornet for 3 turns
 11243 | D:9      | HP: 3/93 [hornet (6)]
 11244 | D:9      | HP: 1/93 [poisoned by a hornet]
 11244 | D:9      | Mangled by a hornet

Illustrated notes

Levels and vault maps discovered:
D:1:      roderic_dead_forest, layout_basic, chequers_mini_garden,
          minmay_box_of_dots
D:2:      layout_basic, hellmonk_ecumenical_altar_zigzags, uniq_jessica
D:3:      minmay_diamond_boxcup, layout_loops_corners,
          grunt_temple_overflow_diamond, lemuel_crystal_altar,
          gammafunk_ghost_smash, uniq_robin, uniq_grinder
D:4:      layout_basic, gammafunk_ghost_split, minmay_misc_feat_iff,
          minmay_close_crescents, uniq_blork_the_orc, uniq_eustachio,
          uniq_menkaure
D:5:      layout_loops_cross, minmay_temple_entry_grid, portal_sewer_entry_a,
          serial_rivers, chequers_serial_rivers_large_a,
          chequers_serial_rivers_small_3, chequers_serial_rivers_marsh,
          chequers_serial_rivers_micro_a, chequers_serial_rivers_micro_d,
          chequers_serial_rivers_room_b, nicolae_shop_gadgets
D:6:      layout_layer_cave, corexii_shack
D:7:      layout_loops_ring
D:8:      layout_basic, nicolae_ossuary_entry_monument, uniq_psyche,
          uniq_maurice, uniq_pikel
D:9:      layout_basic, chequers_temple_overflow_minitemple, david_lair_generic

Skill      XL: |  1  2  3  4  5  6  7  8  9 10 |
---------------+-------------------------------+-----
Long Blades    | 4 5 8 10 11 | 11.2
Fighting       | 6 9 10 | 10.2
Armour         | 10 | 10.0
Shields        | 1 |  1.0
Slings         | |  0.1
Dodging        | |  2.2

Action                   |  1- 3 |  4- 6 |  7- 9 | 10-12 || total
-------------------------+-------+-------+-------+-------++-------
Melee: Falchion          |    51 |    67 |       |       ||   118
       Headbutt          |     8 |    14 |    44 |     3 ||    69
       Scimitar          |       |       |   220 |     4 ||   224
 Fire: Fustibalus        |       |    29 |    47 |       ||    76
Invok: Berserk           |     2 |     3 |    17 |       ||    22
  Use: Scroll            |       |       |     9 |       ||     9
       Potion            |       |       |       |     2 ||     2
Armor: Animal skin       |     6 |       |       |       ||     6
       Leather armour    |     1 |    11 |    15 |       ||    27
       Ring mail         |       |       |    35 |       ||    35
       Chain mail        |       |       |    15 |     7 ||    22
Dodge: Dodged            |    36 |    36 |    69 |     2 ||   143
Block: Kite shield       |       |       |    53 |     4 ||    57
       Rpst.: Falchion   |     9 |    10 |       |       ||    19
       Scimitar          |       |       |    15 |     2 ||    17

Table legend: (Time is in decaauts)
 A = Elapsed time spent in this place.
 B = Non-inter-level travel time spent in this place.
 C = Inter-level travel time spent in this place.
 D = Time resting spent in this place.
 E = Time spent auto-exploring this place.
 F = Levels seen in this place.
 G = Mean time per level.
                   A        B        C        D        E       F      G
               +--------+--------+--------+--------+--------+-----+--------+
         Total |  11703 |  11096 |    607 |   3153 |   6683 |  11 | 1063.9 |
       Dungeon |  10259 |   9652 |    607 |   2953 |   5775 |   9 | 1139.9 |
         Sewer |   1165 |   1165 |      0 |    120 |    805 |   1 | 1165.0 |
       Ossuary |    278 |    278 |      0 |     79 |    103 |   1 |  278.0 |
               +--------+--------+--------+--------+--------+-----+--------+

Top non-repeatable levels by time:
     D:4: 1749 daAuts
     D:3: 1574 daAuts
     D:6: 1574 daAuts
     D:1: 1356 daAuts
     D:7: 1348 daAuts
     D:5: 1273 daAuts
   Sewer: 1165 daAuts
     D:2: 1069 daAuts
     D:8: 307 daAuts
 Ossuary: 278 daAuts
     D:9: 5 daAuts
